 Dungeon Crawl Stone Soup version 0.30.1-5-ged363bc7ee (webtiles) character file.

Game seed: 2460075509497754135

2538 H0rd4k the Martial Artist (level 9, 0/57 HPs)
             Began as an Octopode Artificer on Sept 19, 2023.
             Was an Initiate of Gozag.
             Slain by an ancient zyme (12 damage)
             ... on level 1 of the Abyss.
             The game lasted 00:08:01 (6948 turns).

H0rd4k the Martial Artist (Octopode Artificer)      Turns: 6948, Time: 00:08:02

Health: 0/57       AC:  5    Str: 11    XL:     9   Next: 55%
Magic:  9/9        EV: 15    Int: 23    God:    Gozag
Gold:   386        SH:  5    Dex: 13    Spells: 8/8 levels left

rFire   . .          .
                       - Unarmed
rCold   . . .        (no shield)
rNeg    . . .        (helmet restricted)
rPois   .            m - amulet of reflection
rElec   .            a - +6 ring of intelligence
rCorr   .            u - +4 ring of protection
SInv    .            (no ring)
Will    .....        (no ring)
Stlth   +++          (no ring)
HPRegen 0.00/turn    (no ring)
MPRegen 0.11/turn    (no ring)
                     (no ring)

%: reflection
@: sick, studying Ranged Weapons
A: almost no armour, amphibious, 8 rings, camouflage 1, gelatinous body 1,
(nimble swimmer 1), tentacles
a: Renounce Religion, Potion Petition, Call Merchant, Bribe Branch


You were on level 1 of the Abyss.
You worshipped Gozag.
Gozag was aware of your devotion.
You visited 2 branches of the dungeon, and saw 9 of its levels.
You visited the Abyss 1 time.

You collected 506 gold pieces.
You paid 120 gold pieces to Gozag.

Inventory:

Missiles
 r - 19 poisoned darts
Magical Staves
 h - a staff of air
Jewellery
 a - a +6 ring of intelligence (left tentacle)
 m - an amulet of reflection (around mantle)
 u - a +4 ring of protection (right tentacle)
Wands
 c - a wand of charming (12)
 s - a wand of acid (9)
 B - a wand of mindburst (10)
Scrolls
 f - 5 scrolls of fog {unknown}
 g - a scroll of fear {unknown}
 j - 5 scrolls of teleportation
 l - 4 scrolls of magic mapping {unknown}
 p - a scroll of brand weapon
 t - a scroll of immolation
 v - 2 scrolls of blinking
 y - a scroll of vulnerability
 C - a scroll of enchant weapon
 E - a scroll of identify
Potions
 e - a potion of invisibility {unknown}
 i - a potion of resistance {unknown}
 k - a potion of flight {unknown}
 n - 3 potions of curing
 o - 2 potions of brilliance {unknown}
 q - 2 potions of mutation
 w - 3 potions of cancellation {unknown}
 x - 2 potions of haste {unknown}
 z - 2 potions of might {unknown}
 A - 2 potions of heal wounds


   Skills:
 + Level 3.3 Fighting
 + Level 5.8 Dodging
 - Level 1.3 Stealth
 + Level 2.2 Shields
 + Level 9.7 Unarmed Combat
 + Level 5.7 Evocations


You had 8 spell levels left.
You didn't know any spells.
Your spell library contained the following spells:

 Spells                   Type           Power      Damage    Failure   Level
 Call Canine Familiar     Summ           0%         N/A       43%         3
 Inner Flame              Hex/Fire       0%         N/A       43%         3
 Portal Projectile        Hex/Tloc       0%         N/A       43%         3
 Tukima's Dance           Hex            0%         N/A       43%         3
 Flame Wave               Conj/Fire      0%         2d4       83%         4
 Leda's Liquefaction      Hex/Erth       0%         N/A       83%         4
 Passage of Golubria      Tloc           0%         N/A       83%         4
 Sticky Flame             Conj/Fire      0%         2d3       83%         4
 Yara's Violent Unravell  Hex/Tmut       0%         3d3       99%         5
 Haunt                    Necr/Summ      0%         N/A       100%        7
 Infestation              Necr           0%         N/A       100%        8
 Animate Dead             Necr           Unusable   N/A       N/A         4

Dungeon Overview and Level Annotations

Branches:
Dungeon (8/15)             Temple (1/1) D:7
   Lair: D:8-11

Altars:
Ashenzari
Cheibriados
Dithmenos
Gozag
Hepliaklqana
Nemelex Xobeh
Qazlal
Trog
Zin

Shops:
D:4 =   D:7 (   D:8 (

Annotations:
D:3 1 runed translucent door, Seven7's ghost, amateur MiFi
D:6 exclusion: downstairs
D:7 exclusions: downstairs and shadow


Innate Abilities, Weirdness & Mutations

You cannot wear most types of armour.
You are amphibious.
You can wear up to eight rings at the same time.
Your skin changes colour to match your surroundings (Stealth+).
Your rubbery body absorbs attacks. (AC +1, EV +1)
((You are camouflaged when in or above water. (Stealth+)))
You have tentacles for arms and can constrict up to eight enemies at once.


Message History

The gnoll sergeant hits you with a +2 spear of distortion.
You blink.
The gnoll shouts!
Found a thick soapstone amulet.
The gnoll is no longer distracted by gold.
The gnoll sergeant hits you from afar with a +2 spear of distortion!
You are cast into the Abyss!
This branch contains the abyssal rune of Zot.
The smoke demon roars!
An iron imp comes into view.
An ancient zyme comes into view.
You feel yourself growing ill in the presence of the ancient zyme.
You feel yourself growing ill in the presence of the ancient zyme.
You feel ill.
The ancient zyme attacks as you move away!
The ancient zyme completely misses you. The ancient zyme hits you!
The iron imp shouts!
Aiming: Corrosive Bolt
Press: ? - help, Shift-Dir - straight line, f - ancient zyme
Aim: an ancient zyme (88% to hit)
The bolt of acid hits the ancient zyme!!
The ancient zyme is heavily damaged.
The ancient zyme misses you. The ancient zyme hits you.
Unknown command.
Aiming: Corrosive Bolt
Press: ? - help, Shift-Dir - straight line, f/p - ancient zyme
Aim: an ancient zyme (heavily damaged, 88% to hit)
The bolt of acid misses the ancient zyme.
The ancient zyme hits you! The ancient zyme closely misses you.
Unknown command.
Aiming: Corrosive Bolt
Press: ? - help, Shift-Dir - straight line, f/p - ancient zyme
Aim: an ancient zyme (heavily damaged, 88% to hit)
The bolt of acid hits the ancient zyme.
The acid corrodes the ancient zyme!
The ancient zyme is heavily damaged.
The ancient zyme hits you!
* * * LOW HITPOINT WARNING * * *
The ancient zyme hits you!
You die...
Your body crumbles into a pile of gold.

## # #.# .#
##..## ###..# .
..#.. ##...#.. ..
....#......## ##
. #.#......#
...#.#.@.....#
#..#x####..... .
##
#.....#.####.##..
. #.5.###.#
###....# .. ....#
......# .... ..
#.#..##..
...#.....#...
#...##
#...#.##.... .. .
##.... ..#..#.#
.... . .
###x#..###.#..
.#.#. .


You could see an ancient zyme (corroded) and an iron imp.

Vanquished Creatures
  A hornet (D:7)
  A yak (D:6)
  Menkaure (D:5)
  2 water moccasins
  A black bear (D:7)
  2 ice beasts
  2 ogres
  2 phantoms
  2 bullfrogs
  A gnoll sergeant (D:7)
  2 scorpions
  7 wights
  A crimson imp (D:7)
  A jelly (D:6)
  Crazy Yiuf (D:7)
  A hound (D:6)
  3 iguanas
  Terence (D:3)
  An orc wizard (D:6)
  17 gnolls
  6 adders
  A white imp (D:7)
  An ufetubus (D:6)
  A worm (D:2)
  6 dart slugs
  14 orcs
  2 ball pythons (D:1)
  5 bats
  9 endoplasms
  3 giant cockroaches
  13 goblins
  7 hobgoblins
  4 jackals (D:2)
  4 quokkas
  9 frilled lizards
  9 kobolds
  10 rats
154 creatures vanquished.

Vanquished Creatures (collateral kills)
  An orc (D:4)
1 creature vanquished.

Vanquished Creatures (others)
  An orc wizard (D:4)
1 creature vanquished.

Grand Total: 156 creatures vanquished

Notes
Turn   | Place    | Note
-------+----------+-------------------------------------------
     0 | D:1      | H0rd4k the Octopode Artificer began the quest for the Orb.
     0 | D:1      | Reached XP level 1. HP: 13/13 MP: 1/1
   184 | D:1      | Reached XP level 2. HP: 14/18 MP: 2/2
   425 | D:1      | Reached XP level 3. HP: 23/23 MP: 3/3
   573 | D:1      | Reached skill level 1 in Unarmed Combat
   930 | D:2      | Reached XP level 4. HP: 26/28 MP: 4/4
  1134 | D:2      | Found a faded altar of an unknown god.
  1235 | D:2      | Reached skill level 2 in Unarmed Combat
  1626 | D:3      | Noticed Seven7's ghost (amateur MiFi)
  1627 | D:3      | Found a runed translucent door.
  1652 | D:3      | Noticed Terence
  1655 | D:3      | Killed Terence
  1656 | D:3      | Reached XP level 5. HP: 33/33 MP: 5/5
  1808 | D:3      | Reached skill level 3 in Unarmed Combat
  2646 | D:4      | Found Diuw's Jewellery Shop.
  3096 | D:4      | Reached XP level 6. HP: 38/38 MP: 6/6
  3301 | D:5      | Entered Level 5 of the Dungeon
  3325 | D:5      | Reached skill level 4 in Unarmed Combat
  3445 | D:5      | Noticed Menkaure
  3450 | D:5      | Killed Menkaure
  3568 | D:5      | Reached XP level 7. HP: 35/44 MP: 7/7
  3637 | D:5      | Reached skill level 5 in Unarmed Combat
  3866 | D:5      | Reached skill level 6 in Unarmed Combat
  4359 | D:6      | Reached XP level 8. HP: 46/50 MP: 8/8
  4570 | D:6      | Reached skill level 1 in Shields
  4915 | D:6      | Reached skill level 7 in Unarmed Combat
  5019 | D:6      | Noticed a yak
  5042 | D:6      | Killed a yak
  5043 | D:6      | Reached skill level 5 in Dodging
  5043 | D:6      | Reached skill level 5 in Evocations
  5474 | D:7      | Reached skill level 8 in Unarmed Combat
  5653 | D:7      | Found a staircase to the Ecumenical Temple.
  5665 | Temple   | Entered the Ecumenical Temple
  5679 | Temple   | Became a worshipper of Gozag Ym Sagoz the Greedy
  5732 | D:7      | Noticed a shadow
  5767 | D:7      | Reached XP level 9. HP: 21/55 MP: 9/9
  5940 | D:7      | Found Jauchat's Weapon Emporium.
  6215 | D:7      | Reached skill level 9 in Unarmed Combat
  6288 | D:7      | Noticed a hornet
  6319 | D:7      | Found a runed translucent door.
  6320 | D:7      | Noticed Crazy Yiuf
  6540 | D:7      | Killed a hornet
  6705 | D:7      | Killed Crazy Yiuf
  6877 | D:8      | Found Jiptell's Antique Weapon Boutique.
  6916 | Abyss:1  | Cast into level 1 of the Abyss (gnoll sergeant)
  6930 | Abyss:1  | Noticed a smoke demon
  6938 | Abyss:1  | Noticed an ancient zyme
  6948 | Abyss:1  | Slain by an ancient zyme

Illustrated notes

Levels and vault maps discovered:
D:1:      dpeg_arrival_lava_temple_mockup, layout_loops_ring,
          corexii_corridor_pit
D:2:      layout_basic, basic_ecumenical_altar
D:3:      layout_loops_cross, gammafunk_ghost_grave, grunt_decor_mini_mirrors,
          uniq_terence
D:4:      layout_basic, serial_shops, shop
D:5:      layout_basic, uniq_menkaure
D:6:      layout_loops_ring, minmay_manual_mullet
D:7:      layout_basic, minmay_temple_entry_waves, serial_shops,
          nicolae_shop_real_fake_doors, minmay_fire_ice_demons,
          uniq_crazy_yiuf_cottage
D:8:      layout_cave_pools, mainiacjoe_overflow_24_doors, serial_shops,
          nicolae_lakefront_shop, shop, nicolae_shop_stone,
          nicolae_figureground_sparkle
Temple:   nicolae_temple_the_god_donut
Abyss:1:  base:
D:2

Skill      XL: |  1  2  3  4  5  6  7  8  9 |
---------------+----------------------------+-----
Dodging        | 3 4 5 |  5.8
Unarmed Combat | 1 2 3 4 6 8 9 |  9.7
Evocations     | 4 5 |  5.7
Fighting       | 2 3 |  3.3
Shields        | 1 2 |  2.2
Stealth        | |  1.3

Action                     |  1- 3 |  4- 6 |  7- 9 || total
---------------------------+-------+-------+-------++-------
  Melee: Unarmed           |    80 |   178 |   134 ||   392
         Constrict         |    20 |    40 |    33 ||    93
         Tentacles         |    14 |    43 |    40 ||    97
         Punch             |     3 |     3 |     9 ||    15
  Evoke: Wand              |     5 |    11 |    20 ||    36
    Use: Scroll            |       |       |     8 ||     8
   Stab: Sleeping          |     8 |    10 |     6 ||    24
         Distracted        |     1 |       |       ||     1
 Armour: Skin              |     6 |    14 |    10 ||    30
  Dodge: Dodged            |    47 |    79 |    69 ||   195
  Block: Other             |       |    14 |    25 ||    39
